Map: Ascension to Aiur LE

Players

LiquidMaNa (MaNa)

  • Race: Protoss Protoss
  • League: Master
  • Spawn Location: 11:00

Bly - Winner!

  • Race: Zerg Zerg
  • League: Grandmaster
  • Spawn Location: 5:00

Event: HomeStory Cup XVI

VOD

Have the link to the VOD?

Description

Time

  • Played on: Nov. 11, 2017, 11:39 a.m.
  • Length: 11:37

All games in this series

Show
View Real Time Build Order
Export as new Build Order

LiquidMaNa Protoss 

Build Orders: 1 Gate Expand, Archon Immortal, Zealot Archon, Archon Drop 

Get SALT Encoding   

  12  0:02  Probe (Chrono Boost)  
  14  0:14  Probe (Chrono Boost)  
  14  0:17  Pylon  
  14  0:26  Probe (Chrono Boost)  
  15  0:32  Probe (Chrono Boost)  
  15  0:40  Probe (Chrono Boost)  
  17  0:43  Gateway  
  17  0:49  Assimilator  
  17  0:53  Probe (Chrono Boost)  
  18  1:01  Probe (Chrono Boost)  
  19  1:07  Probe (Chrono Boost)  
  20  1:26  Nexus  
  20  1:36  Cybernetics Core  
  21  1:40  Probe (Chrono Boost)  
  21  1:44  Assimilator  
  21  1:52  Warp Gate, Probe (Chrono Boost)  
  22  1:55  Pylon  
  22  2:04  Probe (Chrono Boost)  
  23  2:13  Stalker  
  26  2:16  Probe (Chrono Boost)  
  26  2:28  Probe (Chrono Boost)  
  27  2:32  Twilight Council  
  27  2:40  Probe (Chrono Boost)  
  27  2:41  Probe (Chrono Boost)  
  27  2:43  Adept  
  33  2:52  Probe (Chrono Boost)  
  33  2:53  Probe (Chrono Boost)  
  33  2:57  Resonating Glaives  
  33  3:05  Adept  
  33  3:12  Gateway  
  35  3:15  Gateway  
  35  3:20  Probe x2 (Chrono Boost)  
  34  3:27  Adept  
  34  3:32  Probe (Chrono Boost)  
  34  3:33  Probe (Chrono Boost)  
  38  3:40  Pylon  
  38  3:44  Probe (Chrono Boost)  
  38  3:46  Probe (Chrono Boost)  
  41  3:57  Probe (Chrono Boost), Robotics Facility  
  41  3:58  Probe (Chrono Boost)  
  42  4:08  Adept  
  42  4:09  Probe (Chrono Boost)  
  45  4:10  Probe (Chrono Boost)  
  45  4:11  Adept  
  47  4:17  Pylon  
  47  4:18  Shield Battery  
  45  4:28  Pylon  
  43  4:33  Adept  
  45  4:49  Probe (Chrono Boost), Pylon  
  45  4:51  Probe (Chrono Boost)  
  45  4:52  Templar Archives  
  47  4:55  Probe (Chrono Boost)  
  48  5:03  Probe (Chrono Boost)  
  48  5:05  Probe (Chrono Boost)  
  50  5:07  Stalker  
  50  5:12  Warp Prism  
  54  5:16  Probe (Chrono Boost)  
  55  5:22  Probe (Chrono Boost)  
  55  5:28  Probe (Chrono Boost)  
  55  5:31  Gateway  
  55  5:35  High Templar x2  
  59  5:39  Assimilator  
  59  5:40  Archon  
  59  5:41  Assimilator  
  59  5:46  Probe x2 (Chrono Boost)  
  59  5:49  Pylon  
  61  5:57  Pylon  
  61  6:02  Pylon  
  62  6:05  Probe (Chrono Boost)  
  62  6:09  Probe (Chrono Boost)  
  63  6:14  High Templar x2  
  63  6:17  Probe (Chrono Boost)  
  68  6:20  Archon  
  68  6:21  Probe (Chrono Boost)  
  68  6:23  Zealot  
  67  6:30  Stalker  
  71  6:34  Shield Battery x2  
  71  6:38  Shield Battery  
  71  6:40  Shield Battery  
  65  6:50  Pylon  
  60  6:54  Stalker  
  60  6:56  Immortal, Probe x2 (Chrono Boost)  
  60  7:05  Probe x2 (Chrono Boost)  
  60  7:11  Probe x2 (Chrono Boost)  
  59  7:24  Forge  
  59  7:31  Zealot x2  
  59  7:32  Adept x2  
  71  7:44  Pylon  
  71  7:47  Probe x2 (Chrono Boost)  
  71  7:51  Immortal, Pylon  
  73  7:54  Gateway  
  73  7:55  Gateway  
  73  7:57  Gateway  
  73  8:02  Sentry  
  75  8:13  Gateway  
  75  8:17  Nexus  
  75  8:18  Sentry x3  
  81  8:23  Immortal  
  84  8:43  Adept x4  
  84  8:47  Pylon  
  90  9:08  Immortal  
  88  9:18  Pylon  
  88  9:25  High Templar  
  88  9:26  High Templar x5  
  88  9:27  Zealot  
  88  9:30  Archon x3  
  102  9:35  Pylon  
  102  9:37  Pylon  
  96  10:00  Adept x2  
  96  10:01  Adept x6  
  96  10:06  Immortal  
  110  10:26  Adept x5  
  110  10:27  Adept x2  
  114  10:39  Stalker  
  110  10:49  Stalker  
  103  10:50  Stalker  
  86  10:59  Adept x2  
  47  11:30  High Templar x3  
  47  11:31  High Templar, Zealot  
  47  11:32  Zealot x2  
Show
View Real Time Build Order
Export as new Build Order

Bly Zerg - Winner!

Build Orders: Hatch First 

Get SALT Encoding   

  12  0:01  Drone  
  13  0:12  Overlord  
  13  0:17  Drone  
  14  0:30  Drone x2  
  16  0:48  Hatchery  
  15  0:52  Drone  
  15  0:56  Drone  
  17  0:59  Extractor  
  16  1:11  Spawning Pool  
  16  1:16  Drone  
  16  1:26  Drone x2  
  16  1:29  Drone  
  19  1:40  Overlord  
  19  1:58  Queen  
  19  1:59  Zergling x2  
  19  2:01  Zergling x4  
  24  2:07  Queen  
  26  2:14  Metabolic Boost  
  26  2:17  Drone  
  27  2:26  Drone  
  27  2:27  Drone  
  29  2:36  Drone x3  
  32  2:47  Overlord  
  32  2:54  Overlord  
  32  2:55  Evolution Chamber  
  31  3:01  Zergling x2  
  31  3:02  Zergling x2  
  31  3:22  Zergling x4  
  31  3:23  Zergling x12  
  38  3:28  Zergling x2  
  39  3:43  Hatchery  
  39  3:44  Zergling x6  
  41  3:52  Drone x2  
  43  3:57  Drone  
  43  3:59  Overlord  
  43  4:01  Overlord  
  44  4:16  Drone x2  
  43  4:17  Drone x4  
  43  4:20  Roach Warren  
  43  4:27  Drone  
  43  4:32  Drone x2  
  43  4:34  Drone x3  
  47  4:41  Drone x2  
  47  4:45  Overlord  
  46  4:54  Extractor, Queen  
  47  5:00  Roach, Extractor  
  47  5:01  Roach x3  
  47  5:05  Roach x2  
  58  5:12  Lair  
  56  5:24  Spore Crawler  
  56  5:27  Overlord  
  56  5:28  Overlord  
  54  5:37  Roach x5  
  64  5:45  Drone x2  
  64  5:46  Drone x4  
  64  5:47  Drone  
  71  5:55  Zergling x8  
  71  5:56  Zerg Melee Weapons Level 1  
  75  6:04  Drone x4  
  78  6:05  Extractor  
  78  6:09  Zergling x4  
  80  6:16  Glial Reconstitution  
  80  6:18  Roach  
  80  6:19  Overlord  
  82  6:28  Overlord  
  78  6:40  Drone  
  78  6:41  Drone x9  
  78  6:46  Roach  
  88  6:47  Roach, Queen  
  88  6:53  Roach  
  88  6:54  Roach x2  
  90  7:18  Overlord x2  
  90  7:20  Overlord  
  90  7:21  Overlord x3  
  90  7:23  Overlord  
  90  7:27  Overlord  
  88  7:32  Overlord x2  
  88  7:51  Roach x6  
  88  7:56  Zerg Melee Weapons Level 2  
  94  7:59  Overseer  
  94  8:02  Spore Crawler, Hatchery  
  94  8:05  Roach x2  
  96  8:06  Roach x6  
  96  8:11  Drone x4  
  112  8:19  Spire  
  111  8:23  Overlord  
  111  8:30  Overlord  
  111  8:38  Overlord  
  108  9:04  Drone x10  
  115  9:24  Zergling x2  
  115  9:25  Zergling x22  
  115  9:27  Ravager x3  
  115  9:28  Ravager x6  
  115  9:30  Extractor  
  115  9:31  Queen x3  
  135  9:32  Extractor  
  135  9:33  Zergling x6  
  135  9:34  Zergling x4  
  145  9:44  Mutalisk x4  
  153  9:46  Mutalisk  
  153  9:51  Ravager x2  
  153  9:52  Roach x2  
  160  9:59  Roach x5  
  160  10:09  Roach  
  160  10:10  Roach x5  
  161  10:19  Roach x4, Zergling x2  
  169  10:27  Roach x3  
  161  10:35  Roach  
  161  10:36  Roach x3  
  147  10:44  Roach x3  
  147  10:45  Roach  
  147  10:48  Zergling x2  
  147  10:49  Queen x2, Zergling x6  
  147  10:58  Zergling x12  
  147  10:59  Zergling x2  
  131  11:07  Roach x3  
  124  11:16  Roach x2  
Tags
 
Add a new tag
Caveats
  • Supply blocks, unpowered buildings, or Contaminate may cause inaccurate times.
  • Supply counts are checked every 10 seconds.